 Dungeon Crawl Stone Soup version 0.24-a0-812-ga050431 (webtiles) character file.

Game seed: 11671342715610525981, levelgen mode: deterministic

3 DrEnzyme the Sneak (level 1, 0/11 HPs)
             Began as a Vine Stalker Wanderer on Oct 11, 2019.
             Slain by an ooze (2 damage)
             ... on level 1 of the Dungeon.
             The game lasted 00:01:41 (573 turns).

DrEnzyme the Sneak (Vine Stalker Wanderer)           Turns: 573, Time: 00:01:42

Health: 0/11       AC:  3    Str: 12    XL:     1   Next: 50%
Magic:  0/2        EV: 11    Int: 14    God:
Gold:   14         SH:  0    Dex: 13    Spells: 0/0 levels left

rFire    . . .     SeeInvis .   a - +0 dagger
rCold    . . .     Gourm    .   (no shield)
rNeg     . . .     Faith    .   j - +0 leather armour
rPois    .         Spirit   +   (no helmet)
rElec    .         Reflect  .   (no cloak)
rCorr    .         Harm     .   (no gloves)
MR       .....                  (no boots)
Stlth    ++........             (no amulet)
HPRegen  0.03/turn              (no ring)
MPRegen  0.08/turn              (no ring)

@: no status effects
A: fangs 2, magic shield, antimagic bite, no potion heal 3, rot immunity
a: no special abilities


You were on level 1 of the Dungeon.
You were not hungry.

You visited 1 branch of the dungeon, and saw 1 of its levels.

You collected 14 gold pieces.

Inventory:

Hand Weapons
 a - a +0 dagger (weapon)
Armour
 d - a +0 robe
 j - a +0 leather armour (worn)
Scrolls
 b - a scroll of teleportation
 e - 2 scrolls of blinking
 g - a scroll of fear {unknown}
Potions
 c - a potion of curing
 h - a potion of degeneration {unknown}
 i - a potion of heal wounds {unknown}
Comestibles
 f - a ration


   Skills:
 + Level 1.8 Fighting
 + Level 1.0 Armour
 + Level 1.6 Dodging
 * Level 2.4 Stealth
 + Level 2.1 Unarmed Combat
   Level 1.0 Evocations


You couldn't memorise any spells.
You didn't know any spells.
Your spell library was empty.

Dungeon Overview and Level Annotations

Branches:
Dungeon (1/15)

Altars:


Innate Abilities, Weirdness & Mutations

You have extremely sharp teeth.
When hurt, damage is shared between your health and your magic reserves.
Your bite disrupts and absorbs the magic of your enemies.
Potions cannot restore your health.
You are immune to rotting.


Message History

The leopard gecko is heavily wounded.
The leopard gecko bites you but does no damage.
The ooze completely misses you. The leopard gecko barely misses you.
You closely miss the leopard gecko.
The leopard gecko is heavily wounded.
The ooze hits you.
The leopard gecko completely misses you.
You hit the leopard gecko but do no damage.
The leopard gecko is heavily wounded.
The ooze closely misses you. The leopard gecko closely misses you.
You barely miss the leopard gecko.
The leopard gecko is heavily wounded.
The ooze jiggles.
The ooze hits you.
* * * LOW HITPOINT WARNING * * *
The leopard gecko bites you but does no damage.
You hit the leopard gecko. Your bite misses the leopard gecko.
The leopard gecko is severely wounded.
The ooze hits you.
You die...

#.. ...### #.# .....#
#J# #..#.# #####.#
#..#.# #.. ..# ##....#
#J# #.# #.....# #@# #.#
#.....# #l###!######
#.....#####............
#.##.........##########
#.###.##.##### #.#
#.##.# ### #.# #.##.#
###.. ##.###.##.# #....
##...##.##.#
#######.#.#


You could see an ooze and a leopard gecko.

Vanquished Creatures
  A hobgoblin (D:1)
  A kobold (D:1)
  A rat (D:1)
3 creatures vanquished.

Notes
Turn   | Place    | Note
-------+----------+-------------------------------------------
     0 | D:1      | DrEnzyme the Vine Stalker Wanderer began the quest for the
                  | Orb.
     0 | D:1      | DrEnzyme set off with the following items: a +0 dagger, a
                  | scroll of teleportation, a potion of curing, a +0 robe, 2
                  | scrolls of blinking, a ration
     0 | D:1      | Reached XP level 1. HP: 11/11 MP: 2/2
   573 | D:1      | Slain by an ooze

Levels and vault maps discovered:
D:1:      dpeg_arrival_tiny_c, layout_loops_ring

Action                   || total
-------------------------++-------
Melee: Dagger            ||    21
       Bite              ||     5
 Stab: Sleeping          ||     1
Armor: Leather armour    ||     4
Dodge: Dodged            ||    15

Table legend:
 A = Non-vault XP
 B = Vault XP
 C = Vault XP percentage of total XP
 D = Non-vault monster count
 E = Vault monster count
 F = Vault count percentage of total count
                 A         B        C        D         E       F
            +---------+---------+-------+---------+---------+-------
      Total |       5 |       0 |   0.0 |       3 |       0 |   0.0
            +---------+---------+-------+---------+---------+-------
        D:1 |       5 |       0 |   0.0 |       3 |       0 |   0.0
            +---------+---------+-------+---------+---------+-------
